[Event "*** SCC Grand Prix: Titled Tuesday Blitz"]
[Site "Chess.com"]
[Date "2020.09.08"]
[Round "2"]
[White "GiorgianBarbosa"]
[Black "LaPorfia"]
[Result "0-1"]
[WhiteElo "2437"]
[BlackElo "2252"]
[TimeControl "180+1"]
[EndTime "10:15:17 PDT"]
[Termination "LaPorfia won by resignation"]

1. e4 d5 2. exd5 Nf6 3. Nc3 Nxd5 4. g3 Nxc3 5. bxc3 Qd5 6. Nf3 Bg4 7. Bg2 Nc6 8. O-O Qh5 9. Rb1 Ne5 10. Rb5 Bxf3 11. Bxf3 Nxf3+ 12. Kg2 Nh4+ 13. gxh4 Qxb5 14. Qg4 e6 15. d4 O-O-O 16. Be3 h5 17. Qf4 Bd6 18. Qxf7 Qf5 19. Qxf5 exf5 20. Kf3 Be7 21. Rg1 Rhg8 22. Rg6 Bxh4 23. Bf4 Bf6 24. Ke3 Rde8+ 25. Kd3 b6 26. a4 Re4 27. Be3 Rg4 28. Rxg4 hxg4 29. Bf4 g5 30.
Bd2 Rh8 31. Kc4 Rxh2 32. Kd5 Kd7 0-1

[Event "*** SCC Grand Prix: Titled Tuesday Blitz"]
[Site "Chess.com"]
[Date "2020.09.08"]
[Round "2"]
[White "Chessdemon2019"]
[Black "szefru"]
[Result "1-0"]
[WhiteElo "2379"]
[BlackElo "2064"]
[TimeControl "180+1"]
[EndTime "10:15:17 PDT"]
[Termination "Chessdemon2019 won by resignation"]

1. e4 Nf6 2. e5 Nd5 3. c4 Nb6 4. d4 d6 5. exd6 exd6 6. Nc3 Be7 7. Be3 O-O 8. Rc1 Nc6 9. Bd3 Bf6 10. Nge2 Bg4 11. f3 Bh4+ 12. Ng3 Bd7 13. O-O f5 14. Nh5 Bg5 15. Bxg5 Qxg5 16. f4 Qg6 17. c5 Nc8 18. Bc4+ Kh8 19. Ng3 Qf6 20. Nd5 Qxd4+ 21. Qxd4 Nxd4 22.
Nxc7 Rb8 23. cxd6 b5 24. Bd5 Nxd6 25. Rfd1 1-0

[Event "*** SCC Grand Prix: Titled Tuesday Blitz"]
[Site "Chess.com"]
[Date "2020.09.08"]
[Round "2"]
[White "Zavgorodniy_Serg"]
[Black "AleksanderHnydiuk"]
[Result "1-0"]
[WhiteElo "2813"]
[BlackElo "2525"]
[TimeControl "180+1"]
[EndTime "10:15:18 PDT"]
[Termination "Zavgorodniy_Serg won by resignation"]

1. e4 c5 2. Nf3 d6 3. c3 Nf6 4. Bc4 Nxe4 5. Qa4+ Nc6 6. Bxf7+ Kxf7 7. Qxe4 g6 8. d4 cxd4 9. cxd4 Bg7 10. O-O Rf8 11.
Qd5+ e6 12. Qe4 Kg8 13. Nc3 Qf6 14. Be3 Qf5 15. Qh4 Bd7 16. Rad1 d5 17. Rfe1 Rae8 18.
Qg3 h6 19. Nh4 1-0

[Event "*** SCC Grand Prix: Titled Tuesday Blitz"]
[Site "Chess.com"]
[Date "2020.09.08"]
[Round "2"]
[White "PavelShkapenko"]
[Black "killer311"]
[Result "1-0"]
[WhiteElo "2688"]
[BlackElo "2470"]
[TimeControl "180+1"]
[EndTime "10:15:21 PDT"]
[Termination "PavelShkapenko won by resignation"]

1. e4 c6 2. d4 d5 3. e5 Bf5 4. h4 h5 5. Bd3 Bxd3 6. Qxd3 e6 7. Bg5 Qa5+ 8. Nd2 Qa6 9. c4 Ne7 10. Ne2 Nd7 11. O-O Nf5 12. Ng3 g6 13. Nxf5 gxf5 14. b3 Be7 15. Bxe7 Kxe7 16. Nf3 Rhg8 17. Ng5 Rad8 18.
Rfc1 dxc4 19. Qf3 cxb3 20. axb3 Qb6 21. Qxh5 Rg7 22. Rd1 Nf8 23. Qh8 Rg6 24. h5 Rxg5 25. Qf6+ Ke8 26. Qxg5 Rxd4 27. Rxd4 Qxd4 28. Re1 Qg4 29.
Qxg4 fxg4 30. Re4 Nd7 31. h6 Kf8 32. Rxg4 Nxe5 33. h7 1-0

[Event "*** SCC Grand Prix: Titled Tuesday Blitz"]
[Site "Chess.com"]
[Date "2020.09.08"]
[Round "2"]
[White "Sultanasharminshirin"]
[Black "CalinGheorghiu"]
[Result "1-0"]
[WhiteElo "2015"]
[BlackElo "2351"]
[TimeControl "180+1"]
[EndTime "10:15:27 PDT"]
[Termination "Sultanasharminshirin won by resignation"]

1. Nf3 d5 2. d4 Nf6 3. c4 e6 4. Nc3 Nbd7 5. Bg5 c6 6. e3 Qa5 7.
Nd2 Bb4 8. cxd5 Nxd5 9. Nxd5 exd5 10. a3 Bd6 11. Bd3 Nf8 12. O-O Ng6 13. Qc2 h6 14.
Bxg6 hxg5 15. Nf3 Qc7 16. g3 fxg6 17. Qxg6+ Kf8 18. Nxg5 Rh6 19. Nh7+ Kg8 20. Nf6+ Kh8 21. Qe8+ 1-0

[Event "*** SCC Grand Prix: Titled Tuesday Blitz"]
[Site "Chess.com"]
[Date "2020.09.08"]
[Round "2"]
[White "davidkalashian"]
[Black "saraswathii"]
[Result "1-0"]
[WhiteElo "2597"]
[BlackElo "2309"]
[TimeControl "180+1"]
[EndTime "10:15:28 PDT"]
[Termination "davidkalashian won by resignation"]

1. d4 g6 2. e4 Bg7 3. Nc3 e6 4.
Nf3 Ne7 5. Bf4 d5 6. Qd2 O-O 7. Bh6 dxe4 8. Nxe4 Nf5 9. Bxg7 Kxg7 10. O-O-O Qd5 11.
Nc3 Qa5 12. g4 Nd6 13. h4 h6 14. Ne5 Nd7 15. f4 Qb6 16. h5 Rh8 17. hxg6 fxg6 18.
Qd3 Nxe5 19. fxe5 Nf7 20. Qf3 Ng5 21. Qf6+ Kh7 22. Qxg5 Kg7 23. Qf6+ 1-0

[Event "*** SCC Grand Prix: Titled Tuesday Blitz"]
[Site "Chess.com"]
[Date "2020.09.08"]
[Round "2"]
[White "ARMQUEEN"]
[Black "narutosmith"]
[Result "1-0"]
[WhiteElo "2468"]
[BlackElo "2254"]
[TimeControl "180+1"]
[EndTime "10:15:29 PDT"]
[Termination "ARMQUEEN won on time"]

1. e4 c5 2. Nc3 a6 3. f4 b5 4.
Nf3 Bb7 5. d3 e6 6. Be3 d5 7. Bf2 b4 8. Na4 Qa5 9. b3 dxe4 10.
dxe4 Bxe4 11. Bd3 Bc6 12. f5 exf5 13. Bxf5 Nf6 14. O-O Be7 15. Re1 Bxa4 16. bxa4 Nc6 17. Qd6 Qb6 18. Bxc5 Rd8 19. Rxe7+ 1-0

[Event "*** SCC Grand Prix: Titled Tuesday Blitz"]
[Site "Chess.com"]
[Date "2020.09.08"]
[Round "2"]
[White "thedjoker98"]
[Black "Konavets"]
[Result "0-1"]
[WhiteElo "2603"]
[BlackElo "3067"]
[TimeControl "180+1"]
[EndTime "10:15:31 PDT"]
[Termination "Konavets won by resignation"]

1. d4 Nf6 2. c4 e6 3. Nc3 Bb4 4. g3 c5 5. Nf3 Qa5 6. Bd2 cxd4 7. Nxd4 Qc5 8. e3 O-O 9. a3 Bxc3 10. Bxc3 Nc6 11. b4 Qe7 12. Bg2 d5 13. O-O Bd7 14. Qb3 Rac8 15. cxd5 exd5 16. Nxc6 bxc6 17. Bd4 Ne4 18.
Rfd1 Bf5 19. Rac1 Rfd8 20. Qa4 Nd6 21. Qxa7 Qe6 22. Qa4 Nc4 23. Qb3 Be4 24. Bf1 Nd6 25. Bc5 Nf5 26. a4 Nh4 27. Bd3 Nf3+ 28. Kf1 Qh3+ 29.
Ke2 Qh5 30. Bxe4 Nd4+ 0-1

[Event "*** SCC Grand Prix: Titled Tuesday Blitz"]
[Site "Chess.com"]
[Date "2020.09.08"]
[Round "2"]
[White "Ave_Mariia"]
[Black "pirulillo"]
[Result "1-0"]
[WhiteElo "2448"]
[BlackElo "2228"]
[TimeControl "180+1"]
[EndTime "10:15:33 PDT"]
[Termination "Ave_Mariia won by resignation"]

1. d4 d5 2. c4 e6 3. Nf3 Nf6 4. g3 Be7 5. Bg2 O-O 6. O-O dxc4 7. Qc2 a6 8. a4 Bd7 9. Qxc4 Bc6 10. Bf4 Nbd7 11.
Nc3 Nb6 12. Qd3 a5 13. Rfd1 Nbd5 14. Bg5 Nb4 15. Qb1 Nfd5 16. Bxe7 Qxe7 17. e4 Nf6 18. Ne5 Nd7 19. Nxc6 Nxc6 20. d5 Nb4 21. Nb5 Rfc8 22. Ra3 Nb6 23. d6 cxd6 24. Nxd6 Rc2 25. Rc3 Rxb2 26.
Qxb2 Nxa4 27. Qc1 Nxc3 28. Qxc3 Rd8 29. e5 f6 30. Bxb7 Qxb7 31. Nxb7 Rxd1+ 32. Kg2 1-0

[Event "*** SCC Grand Prix: Titled Tuesday Blitz"]
[Site "Chess.com"]
[Date "2020.09.08"]
[Round "2"]
[White "IngOscarArdila"]
[Black "Butterfly"]
[Result "0-1"]
[WhiteElo "2195"]
[BlackElo "2465"]
[TimeControl "180+1"]
[EndTime "10:15:34 PDT"]
[Termination "Butterfly won by resignation"]

1. d4 d6 2. Nf3 Bg4 3. Nbd2 Nd7 4. g3 e5 5. dxe5 dxe5 6. Bg2 c6 7. c3 Ngf6 8. Qc2 Qc7 9. O-O Be7 10. e4 O-O 11. Re1 Rad8 12. a4 Nc5 13. Bf1 Nfxe4 14. Nxe4 Bxf3 15. Nxc5 Bxc5 16. Be3 Bxe3 17. Rxe3 e4 18. Bg2 Bxg2 19. Kxg2 f5 20. Rae1 Rd7 21. f3 exf3+ 22. Rxf3 g6 23. Rfe3 Qd6 24. Qb3+ Rff7 25. Re8+ Kg7 26. Qc4 f4 27. gxf4 Rxf4 28. Qe2 Qd5+ 29.
Kg3 Qg5+ 0-1

[Event "*** SCC Grand Prix: Titled Tuesday Blitz"]
[Site "Chess.com"]
[Date "2020.09.08"]
[Round "2"]
[White "Kislov_Oleg"]
[Black "MYMChessAcademy"]
[Result "1-0"]
[WhiteElo "2385"]
[BlackElo "2082"]
[TimeControl "180+1"]
[EndTime "10:15:34 PDT"]
[Termination "Kislov_Oleg won by checkmate"]

1. e4 c5 2. Nf3 d6 3. c3 Nf6 4.
Be2 g6 5. O-O Bg7 6. Re1 O-O 7.
Bf1 e5 8. h3 Nc6 9. d4 cxd4 10.
cxd4 exd4 11. Nxd4 Re8 12. Nc3 Bd7 13. Ndb5 Re6 14. Bc4 Re5 15. Nxd6 Ne7 16. Nxf7 Qf8 17. Nxe5+ Kh8 18. Nxd7 Nxd7 19. Qxd7 Rd8 20. Qe6 Bd4 21.
Be3 Nc6 22. Bxd4+ Nxd4 23. Qe5+ Qg7 24. Qxg7+ Kxg7 25. Rad1 Ne6 26. Bxe6 Re8 27. Rd7+ Kf6 28. Bb3 Ke5 29. g3 Rc8 30. f4+ Kf6 31. Rf7# 1-0

[Event "*** SCC Grand Prix: Titled Tuesday Blitz"]
[Site "Chess.com"]
[Date "2020.09.08"]
[Round "2"]
[White "Legendinunknown"]
[Black "eCztery"]
[Result "1-0"]
[WhiteElo "2629"]
[BlackElo "2315"]
[TimeControl "180+1"]
[EndTime "10:15:38 PDT"]
[Termination "Legendinunknown won by resignation"]

1. d4 Nf6 2. c4 e5 3. dxe5 Ng4 4. Bf4 Nc6 5. Nf3 Bb4+ 6. Nc3 Qe7 7. Qb3 a5 8. a3 a4 9. Qc2 Ba5 10. g3 Ngxe5 11. Nxe5 Nxe5 12. Bg2 O-O 13. O-O Bxc3 14. Qxc3 d6 15. c5 Bg4 16. Rfe1 Rab8 17. Rad1 Rfd8 18. cxd6 cxd6 19. Qb4 Bd7 20. Rxd6 Qe8 21. Red1 Bc6 22. Bxe5 Rxd6 1-0

[Event "*** SCC Grand Prix: Titled Tuesday Blitz"]
[Site "Chess.com"]
[Date "2020.09.08"]
[Round "2"]
[White "PlotnikovPavel"]
[Black "almaguerjm"]
[Result "1-0"]
[WhiteElo "2482"]
[BlackElo "2272"]
[TimeControl "180+1"]
[EndTime "10:15:41 PDT"]
[Termination "PlotnikovPavel won by resignation"]

1. e4 e5 2. Nf3 Nc6 3. Nc3 Bc5 4. Nxe5 Nxe5 5. d4 d6 6. dxc5 dxc5 7. Qxd8+ Kxd8 8. Bf4 f6 9. O-O-O+ Bd7 10. Bg3 Ne7 11. f4 N5c6 12. Bc4 Nd4 13. Rhe1 Kc8 14. Nd5 Nxd5 15.
Bxd5 Bg4 16. Rd2 c6 17. c3 Ne2+ 18. Rexe2 cxd5 19. Re1 dxe4 20. Rxe4 Bf5 21. Re7 g6 22. Bf2 b6 23. g4 Bxg4 24. f5 Rd8 25. Rxd8+ Kxd8 26. Rxh7 Rc8 27. fxg6 Ke8 28. h4 Kf8 29. h5 Kg8 30. h6 Bf5 31. Rg7+ Kh8 32. Bh4 Rf8 33. Rf7 1-0

[Event "*** SCC Grand Prix: Titled Tuesday Blitz"]
[Site "Chess.com"]
[Date "2020.09.08"]
[Round "2"]
[White "manitodeplomo"]
[Black "CrazyMartian"]
[Result "1-0"]
[WhiteElo "2563"]
[BlackElo "2305"]
[TimeControl "180+1"]
[EndTime "10:15:45 PDT"]
[Termination "manitodeplomo won by resignation"]

1. d4 Nf6 2. c4 e6 3. Nf3 d5 4.
Nc3 Be7 5. Bg5 h6 6. Bxf6 Bxf6 7.
Qc2 c5 8. dxc5 Qa5 9. e3 Bxc3+ 10. Qxc3 Qxc3+ 11. bxc3 dxc4 12. Bxc4 Nd7 13. c6 bxc6 14.
O-O-O Ke7 15. Rd2 Nb6 16. Be2 c5 17. Ne5 Bb7 18. Rhd1 Rhc8 19. Rd7+ Nxd7 20. Rxd7+ Kf6 21. f4 Kf5 22. Bd3+ 1-0

[Event "*** SCC Grand Prix: Titled Tuesday Blitz"]
[Site "Chess.com"]
[Date "2020.09.08"]
[Round "2"]
[White "Gloomy_Wanderer"]
[Black "IveBeenThroughPain"]
[Result "1-0"]
[WhiteElo "2740"]
[BlackElo "2491"]
[TimeControl "180+1"]
[EndTime "10:15:48 PDT"]
[Termination "Gloomy_Wanderer won by resignation"]

1. d4 d6 2. e4 Nf6 3. Nc3 e5 4.
Nge2 Be7 5. g3 b5 6. dxe5 dxe5 7. Qxd8+ Kxd8 8. Nxb5 Nxe4 9. Bg2 Bb7 10. Nbc3 Nc5 11. Bxb7 Nxb7 12. Be3 c6 13. O-O-O+ Kc7 14. f4 Nd7 15. fxe5 Nxe5 16. Bf4 Bd6 17. Rxd6 Kxd6 18. Rd1+ Ke6 19. Nd4+ Kf6 20. Ne4+ Kg6 21. Bxe5 Rhe8 22. Nd6 Nxd6 23. Bxd6 Rad8 24. Nxc6 Rc8 25. Ne7+ Kg5 26. Nxc8 Rxc8 27. Bf4+ Kg4 28. Rd7 g5 29. Bd2 f5 30.
Rxh7 a6 31. Rg7 Kh3 32. Rxg5 f4 33. gxf4 a5 34. Rxa5 Rg8 35. Rg5 Rf8 36. a4 Kxh2 37. a5 1-0

[Event "*** SCC Grand Prix: Titled Tuesday Blitz"]
[Site "Chess.com"]
[Date "2020.09.08"]
[Round "2"]
[White "Koksik_13"]
[Black "novocane"]
[Result "1-0"]
[WhiteElo "2639"]
[BlackElo "2301"]
[TimeControl "180+1"]
[EndTime "10:15:48 PDT"]
[Termination "Koksik_13 won by resignation"]

1. d4 Nf6 2. Nc3 d5 3. Bf4 a6 4. e3 Nbd7 5. Nf3 e6 6. Bd3 Bd6 7. Bg3 Qe7 8. O-O Bxg3 9. hxg3 c5 10. dxc5 Nxc5 11. Qe2 O-O 12. e4 Nxd3 13. cxd3 dxe4 14. dxe4 b5 15. e5 Nd7 16. Ne4 Bb7 17. Rfd1 Rfd8 18.
Nd6 Bxf3 19. gxf3 Nb6 20. f4 Nd5 21. f5 Qg5 22. Qf3 Rf8 23. Rd4 Rad8 24. Rad1 f6 25. fxe6 fxe5 26. Qxd5 e4 1-0

[Event "*** SCC Grand Prix: Titled Tuesday Blitz"]
[Site "Chess.com"]
[Date "2020.09.08"]
[Round "2"]
[White "Maghalashvili"]
[Black "Agnes66678"]
[Result "1-0"]
[WhiteElo "2746"]
[BlackElo "2500"]
[TimeControl "180+1"]
[EndTime "10:15:49 PDT"]
[Termination "Maghalashvili won by resignation"]

1. Nf3 Nf6 2. g3 g6 3. Bg2 Bg7 4. O-O O-O 5. c4 c5 6. d4 d6 7. Nc3 Nc6 8. dxc5 dxc5 9. Qa4 Be6 10. Be3 Qb6 11. Qb5 Nd7 12. Rfd1 h6 13. Rac1 Rfd8 14. b3 Kh7 15. Ne4 Nd4 16. Qxb6 Nxb6 17. Kf1 Nxf3 18. Bxf3 Bh3+ 19. Bg2 Bxg2+ 20. Kxg2 Bd4 21. Nxc5 Bxe3 22. fxe3 Rdb8 23. Nd7 Nxd7 24. Rxd7 Kg7 25. Rxe7 Re8 26. Rxb7 Rxe3 27. Kf2 Rae8 28. Rc2 R3e7 29. Rxe7 Rxe7 30. c5 Kf6 31. c6 Rc7 32. b4 Ke5 33. b5 Kd6 34. a4 Rc8 35. a5 Kc7 36. Rd2 Rf8 37. Rd7+ Kb8 38. Rb7+ Ka8 39. a6 f5 40. e4 fxe4+ 41. Ke3 Re8 42. Rg7 Kb8 43. Rxg6 Kc7 44. Rg7+ Kb6 45. Rb7+ Kc5 46. c7 Kd6 47. Rb8 1-0

[Event "*** SCC Grand Prix: Titled Tuesday Blitz"]
[Site "Chess.com"]
[Date "2020.09.08"]
[Round "2"]
[White "Oleksandr_Bortnyk"]
[Black "Matveev_Vladimir"]
[Result "1-0"]
[WhiteElo "2931"]
[BlackElo "2572"]
[TimeControl "180+1"]
[EndTime "10:15:50 PDT"]
[Termination "Oleksandr_Bortnyk won by resignation"]

1. e4 d6 2. d4 g6 3. Nf3 Bg7 4. Bc4 Nf6 5. Qe2 c6 6. e5 Nd5 7. Nc3 O-O 8. h3 dxe5 9. dxe5 Be6 10. O-O Nd7 11. Re1 Nxc3 12. bxc3 Bxc4 13. Qxc4 Nb6 14.
Qh4 Re8 15. Bh6 Bxh6 16. Qxh6 f6 17. Nh4 e6 18. Nxg6 hxg6 19. Qxg6+ Kf8 20. exf6 Qc7 21. Qh6+ Kg8 22. Re5 Qh7 23. f7+ 1-0

[Event "*** SCC Grand Prix: Titled Tuesday Blitz"]
[Site "Chess.com"]
[Date "2020.09.08"]
[Round "2"]
[White "ehrenfeld"]
[Black "PSvidler"]
[Result "0-1"]
[WhiteElo "2572"]
[BlackElo "2923"]
[TimeControl "180+1"]
[EndTime "10:15:50 PDT"]
[Termination "PSvidler won by resignation"]

1. e4 c5 2. Nf3 d6 3. Bc4 Nf6 4. d3 Nc6 5. O-O e6 6. Bb3 Be7 7. c3 O-O 8. Re1 b5 9. d4 Bb7 10. Nbd2 Rc8 11. a3 Re8 12. Bc2 e5 13. d5 Nb8 14. b4 Nbd7 15. Bd3 c4 16. Bc2 Qc7 17.
a4 a6 18. Nf1 Rb8 19. h3 Bc8 20. Ng3 Nf8 21. axb5 axb5 22. Nh2 Bd8 23. Qf3 Ng6 24. Nf5 Bxf5 25. Qxf5 Qb7 26. Bg5 h6 27. Bd2 Nh4 0-1

[Event "*** SCC Grand Prix: Titled Tuesday Blitz"]
[Site "Chess.com"]
[Date "2020.09.08"]
[Round "2"]
[White "aNaartjieZA"]
[Black "francyIM"]
[Result "1/2-1/2"]
[WhiteElo "2486"]
[BlackElo "2707"]
[TimeControl "180+1"]
[EndTime "10:15:51 PDT"]
[Termination "Game drawn by agreement"]

1. e4 e5 2. Nf3 Nc6 3. Bb5 a6 4. Ba4 d6 5. c3 g6 6. d3 Bg7 7.
Nbd2 Bd7 8. Nf1 h6 9. Ng3 Nge7 10. h3 O-O 11. O-O d5 12. exd5 Nxd5 13. Re1 Nb6 14.
Bxc6 Bxc6 15. Nxe5 Bd5 16. d4 Nc4 17. Nxc4 Bxc4 18.
b3 Bd5 19. Bf4 c5 20. Be5 f6 21. Bf4 cxd4 22. Qxd4 g5 23. Nf5 Rf7 24. Bg3 Rd7 25.
Nxg7 Kxg7 26. Qb4 a5 27. Qg4 Rc8 28. c4 Bf7 29. Rad1 Rxd1 30. Rxd1 Qe8 31. Qd4 a4 32.
h4 axb3 33. axb3 b5 34. hxg5 hxg5 35. cxb5 Qxb5 36. f4 Qxb3 37. fxg5 Qxg3 38. Qxf6+ Kg8 39. Rd8+ Rxd8 40. Qxd8+ Kh7 41. Qf6 Bd5 42. Qh6+ Kg8 43.
Qg6+ Kf8 44. Qf5+ Bf7 45. g6 Qxg6 46. Qxg6 1/2-1/2

[Event "*** SCC Grand Prix: Titled Tuesday Blitz"]
[Site "Chess.com"]
[Date "2020.09.08"]
[Round "2"]
[White "Sophist4Life"]
[Black "mmaks007"]
[Result "0-1"]
[WhiteElo "2429"]
[BlackElo "2241"]
[TimeControl "180+1"]
[EndTime "10:15:52 PDT"]
[Termination "mmaks007 won on time"]

1. d4 g6 2. c4 Bg7 3. Nc3 d6 4. e4 e5 5. Nge2 exd4 6. Nxd4 Nf6 7. f3 O-O 8. Be3 Re8 9. Be2 c6 10. Qd2 d5 11. cxd5 cxd5 12. exd5 Nxd5 13. Nxd5 Qxd5 14. Rd1 Qxa2 15. O-O Nc6 16. Nxc6 bxc6 17. Rfe1 Qxb2 18. Qd3 Bf5 19. Qd2 Qa3 20. Bf1 Bc3 21. Qf2 Bxe1 22.
Rxe1 Bd3 23. Rd1 Bxf1 0-1

[Event "*** SCC Grand Prix: Titled Tuesday Blitz"]
[Site "Chess.com"]
[Date "2020.09.08"]
[Round "2"]
[White "arminmusovic"]
[Black "Beca95"]
[Result "0-1"]
[WhiteElo "2572"]
[BlackElo "2924"]
[TimeControl "180+1"]
[EndTime "10:15:57 PDT"]
[Termination "Beca95 won by resignation"]

1. a3 e5 2. Nc3 Nc6 3. e4 Nf6 4. Nf3 g6 5. d4 exd4 6. Nd5 Bg7 7. Bc4 h6 8. O-O O-O 9. Re1 d6 10. h3 Ne5 11. Ba2 Nxd5 12. Bxd5 c6 13. Ba2 Nxf3+ 14. Qxf3 Be6 15. Rd1 Bxa2 16. Rxa2 Qe7 17. Bf4 Rfe8 18. b4 Rad8 19. Re1 f5 20. Qg3 g5 21. Bd2 fxe4 22. b5 c5 23. a4 d5 24. h4 gxh4 25. Qg6 Qe6 26. Qh5 Kh7 27. Qxh4 Qg6 28. Bf4 Rd7 29. Ra3 Qf6 30. Qh2 Rf7 31. Bg3 c4 32. Bh4 Qf5 33.
Rh3 d3 34. cxd3 cxd3 35. Bg3 d2 36. Rd1 e3 37. fxe3 Qc2 38. Rxh6+ Bxh6 39. Qh5 Qg6 0-1

[Event "*** SCC Grand Prix: Titled Tuesday Blitz"]
[Site "Chess.com"]
[Date "2020.09.08"]
[Round "2"]
[White "chigorin28"]
[Black "Deepweb2020"]
[Result "1-0"]
[WhiteElo "2434"]
[BlackElo "2210"]
[TimeControl "180+1"]
[EndTime "10:15:57 PDT"]
[Termination "chigorin28 won by resignation"]

1. e4 e5 2. Nf3 Nc6 3. Bc4 Bc5 4. d3 Nf6 5. c3 d6 6. Bb3 a6 7. Nbd2 Ba7 8. O-O O-O 9. h3 Ne7 10. Re1 Ng6 11. Nf1 h6 12. Ng3 Re8 13. Nh2 Be6 14.
Nhf1 Qd7 15. Ne3 c6 16. Nef5 d5 17. Qf3 Nh7 18. Nh5 Bxf5 19. exf5 Nh4 20. Qg4 Nxf5 21.
Nxg7 Nf6 22. Qxf5 Kxg7 23. Bxh6+ Kxh6 24. Qxf6+ Kh7 25. Rxe5 Rxe5 26. Qxe5 Re8 27. Qh5+ Kg7 28. Qg5+ Kh7 29. d4 Bb8 30. Bc2+ Kh8 31. Qh6+ Kg8 32.
Bh7+ 1-0

[Event "*** SCC Grand Prix: Titled Tuesday Blitz"]
[Site "Chess.com"]
[Date "2020.09.08"]
[Round "2"]
[White "boasovietica"]
[Black "vizumatv4hoda"]
[Result "0-1"]
[WhiteElo "2502"]
[BlackElo "2747"]
[TimeControl "180+1"]
[EndTime "10:15:59 PDT"]
[Termination "vizumatv4hoda won by resignation"]

1. e4 c5 2. Nf3 g6 3. d4 Bg7 4. Nc3 cxd4 5. Nxd4 Nc6 6. Nb3 Nf6 7. Be2 O-O 8. O-O d6 9. Bg5 Be6 10. Kh1 Na5 11. f4 Rc8 12. f5 Bc4 13. Bd3 Bxd3 14. cxd3 Nxb3 15. axb3 a6 16. Rf3 Qb6 17. Bxf6 Bxf6 18.
Nd5 Qd4 19. Nxf6+ exf6 20. Rc1 Qxb2 21. Rc4 b5 22. Rxc8 Rxc8 23. Rf1 Rc2 24. fxg6 hxg6 25.
Qg4 Rc1 26. Qf3 Kg7 27. h4 Rxf1+ 28. Qxf1 Qxb3 29. h5 a5 30. h6+ Kxh6 31. Qxf6 Kh7 32.
d4 Qe6 33. Qf1 b4 34. d5 Qd7 35. Qc4 Qb7 36. Qc6 Qb8 37. Qd7 Kg7 38. e5 dxe5 39. d6 b3 40. Qc7 Qxc7 41. dxc7 b2 42. c8=Q b1=Q+ 43. Kh2 a4 44. Qc5 Qb2 0-1

[Event "*** SCC Grand Prix: Titled Tuesday Blitz"]
[Site "Chess.com"]
[Date "2020.09.08"]
[Round "2"]
[White "bratkoo"]
[Black "mr_gustavo"]
[Result "1-0"]
[WhiteElo "2472"]
[BlackElo "2264"]
[TimeControl "180+1"]
[EndTime "10:16:01 PDT"]
[Termination "bratkoo won by resignation"]

1. e4 e5 2. Nf3 Nc6 3. d4 exd4 4. Nxd4 Nf6 5. Nxc6 bxc6 6. e5 Qe7 7. Qe2 Nd5 8. c4 Ba6 9. g3 g6 10. b3 Bg7 11. Bb2 d6 12. Bg2 dxe5 13. Qd2 Nb4 14. a3 Rd8 15. Qxb4 Qe6 16. O-O Bf8 17. Qa5 c5 18.
Bd5 Qd6 19. Nd2 Bg7 20. Ne4 Qb6 21. Qa4+ Ke7 22. b4 Rxd5 23. cxd5 Bxf1 24. Rxf1 c4 25. Nc5 Rd8 26. Rd1 f5 27. Ne6 Rg8 28. Nxg7 Rxg7 29. Bxe5 Rf7 30. Bd4 Qf6 1-0

[Event "*** SCC Grand Prix: Titled Tuesday Blitz"]
[Site "Chess.com"]
[Date "2020.09.08"]
[Round "2"]
[White "ChessWarrior7197"]
[Black "Muracle"]
[Result "1-0"]
[WhiteElo "2939"]
[BlackElo "2576"]
[TimeControl "180+1"]
[EndTime "10:16:10 PDT"]
[Termination "ChessWarrior7197 won by resignation"]

1. e4 c5 2. Nf3 Nc6 3. Bb5 g6 4. Bxc6 dxc6 5. d3 Bg7 6. h3 e5 7.
Nc3 Nf6 8. Be3 Nd7 9. Qd2 h6 10. O-O Qe7 11. Ne2 Nf8 12. Nh2 Ne6 13. Rae1 g5 14. Ng3 Nf4 15. Nf5 Bxf5 16. exf5 O-O-O 17. Bxf4 gxf4 18. Qxf4 Rhg8 19. Ng4 f6 20. Qc4 h5 21.
Ne3 Bh6 22. Re2 Kc7 23. a3 Bf4 24. b4 cxb4 25. axb4 Rg5 26. b5 Rdg8 27. Nd5+ Kb8 28. Nxf4 Qg7 29. f3 exf4 30. Qxf4+ Ka8 31. g4 cxb5 32.
Rfe1 Qd7 33. Re7 Qc6 34. R1e6 Qc5+ 35. d4 Qc8 36. Qe4 1-0

[Event "*** SCC Grand Prix: Titled Tuesday Blitz"]
[Site "Chess.com"]
[Date "2020.09.08"]
[Round "2"]
[White "GasconJR"]
[Black "swimmerchess"]
[Result "0-1"]
[WhiteElo "2544"]
[BlackElo "2854"]
[TimeControl "180+1"]
[EndTime "10:16:10 PDT"]
[Termination "swimmerchess won by resignation"]

1. d4 Nf6 2. Bf4 g6 3. Nc3 d5 4. e3 Bg7 5. h4 O-O 6. h5 c5 7. Nf3 Nc6 8. Ne5 cxd4 9. exd4 Qb6 10. Nxc6 bxc6 11. Na4 Qa5+ 12. c3 Nd7 13. hxg6 fxg6 14. b4 Qd8 15. Qd2 e5 16. Bh6 exd4 17. Bxg7 Qe7+ 18.
Be2 Qxg7 19. Qxd4 Nf6 20. Nc5 Re8 21. Kf1 Bf5 22. Re1 a5 23. a3 axb4 24. axb4 Ra2 25.
f3 Nh5 26. Rxh5 Qxd4 27. cxd4 gxh5 0-1

[Event "*** SCC Grand Prix: Titled Tuesday Blitz"]
[Site "Chess.com"]
[Date "2020.09.08"]
[Round "2"]
[White "Barcelona_Guy"]
[Black "AniJak"]
[Result "1-0"]
[WhiteElo "2657"]
[BlackElo "2343"]
[TimeControl "180+1"]
[EndTime "10:16:11 PDT"]
[Termination "Barcelona_Guy won by resignation"]

1. e4 c6 2. Nc3 d5 3. Nf3 Bg4 4. h3 Bxf3 5. Qxf3 Nf6 6. Be2 e6 7. O-O Bb4 8. e5 Nfd7 9. Qg4 Bxc3 10. bxc3 O-O 11. d4 f5 12. exf6 Qxf6 13. Bd3 e5 14. Bg5 Qf7 15. Rae1 e4 16. Be2 Nf6 17. Qg3 Nbd7 18. f4 h6 19. Bxh6 Nh7 20. Bg4 Kh8 21. Be6 Qe7 22. Qxg7+ Qxg7 23. Bxg7+ Kxg7 24. Bxd7 Nf6 25. Be6 Rae8 26. f5 Nh5 27. c4 Rd8 28. cxd5 cxd5 29. c4 dxc4 30. Rxe4 Kf6 31. Bxc4 Ng3 32. Re6+ Kg5 33. Rg6+ 1-0

[Event "*** SCC Grand Prix: Titled Tuesday Blitz"]
[Site "Chess.com"]
[Date "2020.09.08"]
[Round "2"]
[White "MikaelyanArman"]
[Black "Sergey85Rodchenkov"]
[Result "1-0"]
[WhiteElo "2744"]
[BlackElo "2497"]
[TimeControl "180+1"]
[EndTime "10:16:12 PDT"]
[Termination "MikaelyanArman won by resignation"]

1. d4 Nf6 2. c4 e6 3. Nf3 b6 4.
a3 Bb7 5. Nc3 Ne4 6. Nxe4 Bxe4 7.
Nd2 Bg6 8. g3 d5 9. Bg2 c6 10.
O-O Be7 11. b3 O-O 12. Bb2 Nd7 13. e4 dxe4 14. Nxe4 Rc8 15. Qe2 Re8 16. Rfd1 Bf8 17. h4 h6 18. Rd2 Qc7 19. Rad1 Rcd8 20. h5 Bh7 21. b4 b5 22. cxb5 cxb5 23. Qxb5 Nb6 24.
Rc1 Qb8 25. Nc5 Nd5 26. Qxb8 Rxb8 27. Nd7 Rbd8 28. Nxf8 Kxf8 29. Rc5 Rd7 30. b5 Red8 31. a4 Bf5 32. Ba3 Ke8 33. a5 Rb8 34. Rb2 Kd8 35. Bf3 Bd3 36. Rb3 Bc2 37. Rxc2 1-0

[Event "*** SCC Grand Prix: Titled Tuesday Blitz"]
[Site "Chess.com"]
[Date "2020.09.08"]
[Round "2"]
[White "Meri-Arabidze"]
[Black "Kaslask"]
[Result "1-0"]
[WhiteElo "2557"]
[BlackElo "2302"]
[TimeControl "180+1"]
[EndTime "10:16:16 PDT"]
[Termination "Meri-Arabidze won on time"]

1. d4 Nf6 2. c4 g6 3. Nf3 Bg7 4. g3 O-O 5. Bg2 d5 6. cxd5 Nxd5 7. O-O Nb6 8. Nc3 Nc6 9. d5 Na5 10. Qc2 c6 11. dxc6 Nxc6 12. Rd1 Bd7 13. Bf4 a6 14. Rac1 Qc8 15. Qb1 Bf5 16. e4 Bg4 17. Nd5 Nxd5 18. exd5 e5 19. Be3 e4 20. Ng5 Bxd1 21. dxc6 bxc6 22. Rxd1 Qf5 23. Bxe4 Qb5 24. b3 Rad8 25. Rc1 Qe5 26. Nf3 Qb2 27. Qxb2 Bxb2 28.
Rxc6 Rd1+ 29. Kg2 Re8 30. Bc2 Ra1 31. Rxa6 Bc1 32. Bxc1 Rxc1 33. Bd3 1-0